 Dungeon Crawl Stone Soup version 0.31-a0-180-g519b7de00c (webtiles) character file.

Game seed: 17267752591936608149

75499 qw the Severer (level 15, -4/96 HPs)
             Began as a Gargoyle Fighter on June 19, 2023.
             Was an Elder of Okawaru.
             Slain by an enormous slime creature (31 damage)
             ... on level 12 of the Dungeon.
             The game lasted 00:09:46 (19529 turns).

qw the Severer (Gargoyle Fighter)                  Turns: 19529, Time: 00:09:46

Health: -4/96      AC: 37    Str: 32    XL:     15   Next: 50%
Magic:  0/22       EV:  9    Int: 10    God:    Okawaru [****..]
Gold:   1040       SH: 12    Dex: 13    Spells: 14/14 levels left

rFire   + + .        Y - +6 broad axe (freeze)
rCold   . . .        r - +0 kite shield
rNeg    + . .        e - +3 plate armour {rF+}
rPois   inf          u - +1 helmet "Cekamem" {rC- Will+ Dex+4}
rElec   +            j - scarf {rC+ rF+}
rCorr   .            o - +2 pair of gloves {infuse}
SInv    .            p - +1 pair of boots {rampage}
Will    ++...        h - amulet of faith Stlth
                     k - +4 ring of slaying {mikee}
HPRegen 0.36/turn    n - +6 ring of strength
MPRegen 0.18/turn

%: rampage, faith
@: about to teleport, flying
A: sickness immunity, AC +11, big wings, negative energy resistance 1,
electricity resistance, torment resistance 1, petrification resistance
a: Renounce Religion, Heroism, Finesse


You were on level 12 of the Dungeon.
You worshipped Okawaru.
Okawaru was greatly pleased with you.
You visited 3 branches of the dungeon, and saw 18 of its levels.

You collected 1276 gold pieces.
You spent 236 gold pieces at shops.


Innate Abilities, Weirdness & Mutations

You are immune to sickness and miasma.
Your stone body is resilient. (AC +11)
You are immune to poison.
Your large and strong wings let you fly.
You resist negative energy. (rN+)
You are resistant to electric shocks. (rElec)
You are resistant to unholy torment.
You are immune to petrification.


   Skills:
 - Level 12.0 Fighting
 + Level 15.6 Axes
 - Level 6.0 Throwing
 - Level 11.1 Armour
 - Level 4.0 Dodging
 - Level 12.0 Shields
 - Level 10.0 Invocations


You had 14 spell levels left.
You didn't know any spells.
Your spell library was empty.

Inventory:

Hand Weapons
 t - the +8 flail "qw's Peril" {drain, rElec SInv Stlth-}
   (You took it off an orc on level 9 of the Dungeon)

   rElec:     It insulates you from electricity.
   SInv:      It lets you see invisible.
   Stlth:     It makes you less stealthy.
 y - a +0 morningstar
 Y - a +6 broad axe of freezing (weapon)
Missiles
 w - 3 boomerangs
 A - 4 javelins (quivered)
Armour
 e - a +3 plate armour of fire resistance (worn)
 i - the +1 helmet of Lusmioz {Rampage Int+4}
   (You took it off Robin on level 3 of the Dungeon)

   Int:       It affects your intelligence (+4).
   Rampage:   It bestows one free step when moving towards enemies.
 j - a scarf of resistance (worn)
 o - a +2 pair of gloves of infusion (worn)
 p - a +1 pair of boots of rampaging (worn)
 q - +0 acid dragon scales
 r - a +0 kite shield (worn)
 u - the +1 helmet "Cekamem" (worn) {rC- Will+ Dex+4}
   (Okawaru gifted it to you on level 1 of the Lair of Beasts)

   Dex:       It affects your dexterity (+4).
   rC:        It makes you vulnerable to cold.
   Will:      It increases your willpower.
Jewellery
 h - an amulet of faith (around neck)
 k - a +4 ring of slaying (left hand) {mikee}
 m - a ring of resist corrosion
 n - a +6 ring of strength (right hand)
 x - a ring of ice
 B - a ring of ice
 D - an amulet of guardian spirit
Wands
 s - a wand of digging (1)
Scrolls
 a - 2 scrolls of identify
Potions
 b - 2 potions of attraction
 c - 4 potions of curing
 d - 3 potions of might
 f - 2 potions of lignification
 l - 2 potions of cancellation
 v - a potion of magic
 F - a potion of mutation

Dungeon Overview and Level Annotations

Branches:
Dungeon (12/15)            Temple (1/1) D:6            Lair (5/5) D:11
  Swamp (0/4) Lair:3        Snake (0/4) Lair:2        Slime (0/5) Lair:5
    Orc (0/2) D:9

Altars:
Ashenzari
Cheibriados
Dithmenos
Elyvilon
Fedhas
Gozag
Hepliaklqana
Kikubaaqudgha
Makhleb
Nemelex Xobeh
Okawaru
Qazlal
Ru
Sif Muna
Trog
Uskayaw
Vehumet
Wu Jian
Xom
Yredelemnul
Zin
The Shining One
Jiyva

Shops:
D:7 [

Annotations:
D:2 1 runed translucent door, Crazy Yiuf
D:11 3 runed translucent doors
Lair:3 2 transporters, qw's ghost, journeyman GrFi


Message History

You freeze the large slime creature!!
The large slime creature is heavily wounded.
The orc warrior shoots an arrow.
The arrow hits you but does no damage.
You barely miss the large slime creature.
The large slime creature is heavily wounded.
You slice the slime creature!! You freeze the slime creature.
The slime creature hits you but does no damage.
Two slime creatures merge to form a very large slime creature.
The orc warrior shoots an arrow.
You block the arrow.
You slash the very large slime creature!
You freeze the very large slime creature.
The very large slime creature is heavily wounded.
You hit the slime creature. You freeze the slime creature.
You block the slime creature's attack.
A slime creature comes into view.
The very large slime creature closely misses you.
You slice the very large slime creature!!
You freeze the very large slime creature!
The very large slime creature is severely wounded.
You slash the slime creature! You freeze the slime creature.
The orc warrior shoots an arrow.
The arrow barely misses you. You block the slime creature's attack.
The slime creature jiggles.
Two slime creatures merge to form an enormous slime creature.
19527 ||| READING scroll of teleportation.
As you read the scroll of teleportation, it crumbles to dust.
You feel strangely unstable.
The orc warrior shoots an arrow.
You block the arrow. You block the slime creature's attack.
The enormous slime creature hits you!!!
You barely miss the slime creature.
The slime creature is severely wounded.
You hit the enormous slime creature. You freeze the enormous slime creature.
The orc warrior shoots an arrow.
The arrow hits you. The slime creature hits you!
You slice the slime creature!! You freeze the slime creature!
You kill the slime creature!
Okawaru accepts your kill.
You slash the enormous slime creature! You freeze the enormous slime creature.
The enormous slime creature hits you!!
You die...

#...##...#..............
##....#..###.....#.......
#...<....####.##...../...
#....).........#.###..?..
##.........#.....## .#..
#............#....# #..
##....#.%...####.## ....
.....###)...# ### ..#
$......##@...####
...##..JJ.).......
..............##.. #
(./...)(....o...# #
#.....))........# .
#(................ .
(.....#........... >
..?..####......(#. .
...## #.....#..


You could see an enormous slime creature, a slime creature and an orc warrior.

Vanquished Creatures
  Rupert (D:12)
  Frances (D:12)
  Gastronok (D:10)
  Snorg (Lair:4)
  5 hydras
  Erica (D:8)
  A centaur warrior (D:9)
  A catoblepas (Lair:5)
  A deep troll shaman (Lair:5)
  A death knight (D:9)
  3 boulder beetles
  9 death yaks
  7 two-headed ogres
  Urug (Lair:4)
  A skyshark (Lair:5)
  3 bog bodies (Lair:3)
  A lindwurm (Lair:5)
  Pikel (D:9)
  3 deep elf pyromancers
  3 manticores (D:11)
  4 cyclopes
  3 ugly things
  8 elephants (Lair:5)
  5 black mambas
  Joseph (D:8)
  Psyche (D:9)
  A gargoyle (D:12)
  2 efreet
  6 rime drakes
  8 cane toads
  A freezing wraith (D:11)
  3 kobold demonologists (D:11)
  11 komodo dragons
  5 polar bears
  A meliai (D:11)
  7 trolls
  A hornet (D:11)
  Prince Ribbit (D:8)
  Grinder (D:5)
  20 blink frogs
  5 slime creatures
  A shadow (D:11)
  9 wyverns
  6 basilisks
  A vampire (D:12)
  45 yaks
  2 wraiths
  Grum (D:8)
  5 steam dragons
  8 vampire mosquitoes (D:12)
  A swamp worm (Lair:3)
  5 acid dragons
  3 nagas (Lair:2)
  35 water moccasins
  14 orc warriors
  2 sky beasts (D:6)
  4 black bears
  25 wolves
  12 centaurs
  5 ogres
  6 kobold brigands
  2 lemures (D:9)
  12 bullfrogs
  8 gnoll sergeants
  2 scorpions
  10 wights
  6 killer bees (D:7)
  3 howler monkeys
  4 electric eels
  2 hounds
  A gnoll bouda (D:9)
  8 orc priests
  2 jellies (D:5)
  3 sleepcaps
  Ijyb (D:3)
  16 orc wizards
  8 hell rats
  Robin (D:3)
  17 adders
  15 gnolls
  2 shadow imps
  A white imp (D:7)
  A howler monkey simulacrum (D:11)
  An ufetubus (D:5)
  A worm (D:2)
  4 dart slugs
  53 orcs
  9 ball pythons
  4 endoplasms
  6 giant cockroaches
  15 goblins
  12 hobgoblins
  5 jackals
  20 kobolds
  3 quokkas
  4 bats
  2 frilled lizards
  7 rats
602 creatures vanquished.

Vanquished Creatures (others)
  An acid dragon (D:9)
1 creature vanquished.

Grand Total: 603 creatures vanquished

Notes
Turn   | Place    | Note
-------+----------+-------------------------------------------
     0 | D:1      | qw the Gargoyle Fighter began the quest for the Orb.
     0 | D:1      | Reached XP level 1. HP: 14/14 MP: 1/1
     0 | D:1      | 0 ||| qw: Version: 0.3-a-7-ge0c9b40
     0 | D:1      | 0 ||| qw: Game counter: 993
     0 | D:1      | 0 ||| qw: Always use a shield: true
     0 | D:1      | 0 ||| qw: God list: Okawaru
     0 | D:1      | 0 ||| qw: Allow faded altars: false
     0 | D:1      | 0 ||| qw: Do Orc after D:15 true
     0 | D:1      | 0 ||| qw: Do second Lair branch before Depths: true
     0 | D:1      | 0 ||| qw: Lair rune preference: random
     0 | D:1      | 0 ||| qw: Plans: Normal, Zot:1-4, Slime:5, God:TSO, Crypt,
                  | Tomb, Abyss, Pan, Hells, Win
     0 | D:1      | 0 ||| PLANNING D:1-11
   134 | D:1      | Reached skill level 2 in Axes
   183 | D:1      | Reached XP level 2. HP: 12/19 MP: 2/2
   437 | D:1      | Reached skill level 3 in Axes
   487 | D:1      | Reached XP level 3. HP: 23/23 MP: 3/3
   670 | D:1      | 670 ||| UPGRADING to +0 chain mail.
   680 | D:1      | 680 ||| DROPPING +0 scale mail.
   681 | D:1      | 681 ||| READING 3 scrolls labelled GEAHOE PUKHLA.
   682 | D:1      | 682 ||| READING scroll labelled OTOUM QEHEH.
   683 | D:1      | 683 ||| READING scroll labelled NAIFEIZEUM.
   684 | D:1      | 684 ||| READING scroll labelled PUPNEORIKLA.
   685 | D:1      | 685 ||| DRINKING 2 sedimented ruby potions.
   686 | D:1      | 686 ||| DRINKING 2 fuming grey potions.
   687 | D:1      | 687 ||| READING 2 scrolls of identify.
   687 | D:1      | 687 ||| IDENTIFYING viscous brown potion
   688 | D:1      | 688 ||| DROPPING potion of degeneration.
   834 | D:2      | 834 ||| Stepping ~*~*~tactically~*~*~ (stealth).
   849 | D:2      | Reached XP level 4. HP: 17/28 MP: 4/4
   897 | D:2      | 897 ||| DROPPING +0 club.
  1111 | D:2      | Reached skill level 4 in Axes
  1300 | D:2      | Found a runed translucent door.
  1301 | D:2      | Noticed Crazy Yiuf
  1523 | D:2      | 1523 ||| UPGRADING to +0 pair of gloves.
  1528 | D:2      | 1528 ||| UPGRADING to +4 ring of slaying {mikee}.
  1529 | D:2      | 1529 ||| UPGRADING to +6 ring of strength.
  1530 | D:2      | 1530 ||| READING scroll labelled ITEADU NINIM.
  1531 | D:2      | 1531 ||| READING scroll labelled CAATEI MIMODI.
  1532 | D:2      | 1532 ||| READING scroll labelled JEYTWO WURHUTRO.
  1533 | D:2      | 1533 ||| READING scroll labelled BUILIA UFILUGO.
  1641 | D:3      | Identified the +1 helmet of Lusmioz {Rampage Int+4}
  1641 | D:3      | Noticed Robin
  1643 | D:3      | Noticed Ijyb
  1651 | D:3      | Reached XP level 5. HP: 27/32 MP: 5/5
  1655 | D:3      | Killed Robin
  1660 | D:3      | 1660 ||| DRINKING 2 potions of curing.
  1660 | D:3      | 1660 ||| (to cure confusion)
  1662 | D:3      | Killed Ijyb
  1663 | D:3      | Reached skill level 5 in Axes
  2135 | D:3      | 2135 ||| UPGRADING to +1 helmet of Lusmioz {Rampage Int+4}.
  2140 | D:3      | 2140 ||| UPGRADING to scarf of resistance.
  2145 | D:3      | 2145 ||| READING scroll labelled TESCHOAFFINT.
  2146 | D:3      | 2146 ||| READING scroll labelled PYORYE ETWO.
  2151 | D:3      | 2151 ||| READING 3 scrolls of identify.
  2151 | D:3      | 2151 ||| IDENTIFYING inky potion
  2152 | D:3      | 2152 ||| DROPPING potion of brilliance.
  2257 | D:4      | 2257 ||| Stepping ~*~*~tactically~*~*~ (hiding).
  2267 | D:4      | Reached XP level 6. HP: 33/38 MP: 6/6
  2267 | D:4      | 2267 ||| FLEEEEING.
  2269 | D:4      | 2269 ||| DRINKING 2 potions of curing.
  2269 | D:4      | 2269 ||| (to cure confusion)
  2395 | D:4      | 2395 ||| Stepping ~*~*~tactically~*~*~ (stealth).
  2396 | D:4      | 2396 ||| Stepping ~*~*~tactically~*~*~ (stealth).
  2434 | D:4      | 2434 ||| Stepping ~*~*~tactically~*~*~ (stealth).
  2876 | D:4      | 2876 ||| READING scroll labelled GINAUBO HUZI.
  2877 | D:4      | 2877 ||| READING 3 scrolls of identify.
  2877 | D:4      | 2877 ||| IDENTIFYING metallic grey potion
  2890 | D:5      | Entered Level 5 of the Dungeon
  2940 | D:5      | Reached skill level 6 in Axes
  2999 | D:5      | Found a bloodstained altar of Trog.
  3051 | D:5      | Reached skill level 1 in Dodging
  3051 | D:5      | Reached XP level 7. HP: 35/43 MP: 7/7
  3434 | D:5      | Noticed Grinder
  3435 | D:5      | Paralysed by Grinder for 2 turns
  3439 | D:5      | Killed Grinder
  3456 | D:5      | 3456 ||| UPGRADING to +1 pair of boots of rampaging.
  3461 | D:5      | 3461 ||| DROPPING ring of magical power.
  3462 | D:5      | 3462 ||| READING scroll labelled CYIKHLA MAIN.
  3524 | D:6      | 3524 ||| STAIRDANCE
  3527 | D:5      | Reached skill level 7 in Axes
  3601 | D:6      | 3601 ||| Stepping ~*~*~tactically~*~*~ (hiding).
  3606 | D:6      | Reached XP level 8. HP: 43/49 MP: 8/8
  3795 | D:6      | Found a staircase to the Ecumenical Temple.
  3796 | D:6      | 3796 ||| PLANNING TEMPLE
  3796 | D:6      | 3796 ||| Stepping ~*~*~tactically~*~*~ (stealth).
  3797 | D:6      | 3797 ||| UPGRADING to +0 plate armour.
  3821 | D:6      | 3821 ||| DROPPING +0 chain mail.
  3839 | Temple   | Entered the Ecumenical Temple
  3914 | Temple   | 3914 ||| PLANNING OKAWARU WORSHIP
  4099 | Temple   | Became a worshipper of Warmaster Okawaru
  4100 | Temple   | 4100 ||| PLANNING D:1-11
  4168 | D:6      | 4168 ||| Stepping ~*~*~tactically~*~*~ (stealth).
  4193 | D:6      | Reached skill level 8 in Axes
  4432 | D:7      | Reached skill level 6 in Fighting
  4514 | D:7      | 4514 ||| Stepping ~*~*~tactically~*~*~ (stealth).
  4550 | D:7      | 4550 ||| Stepping ~*~*~tactically~*~*~ (stealth).
  4552 | D:7      | 4552 ||| Stepping ~*~*~tactically~*~*~ (stealth).
  4568 | D:7      | Reached XP level 9. HP: 40/55 MP: 9/9
  4585 | D:7      | Reached * piety under Okawaru
  4586 | D:7      | Reached skill level 9 in Axes
  4586 | D:7      | 4586 ||| INVOKING Heroism.
  4847 | D:7      | Identified the +11 long sword "Detol" {pain, rF+ Dex+2}
  4942 | D:7      | Found Kesekh's Armour Emporium.
  4993 | D:7      | 4993 ||| BUYING +2 pair of gloves of infusion (236 gold).
  4993 | D:7      | Bought a +2 pair of gloves of infusion for 236 gold pieces
  5054 | D:7      | 5054 ||| INVOKING Heroism.
  5057 | D:7      | Reached skill level 6 in Armour
  5152 | D:7      | 5152 ||| UPGRADING to +2 pair of gloves of infusion.
  5162 | D:7      | 5162 ||| DROPPING +0 pair of gloves.
  5163 | D:7      | 5163 ||| DROPPING +1 hat.
  5209 | D:8      | 5209 ||| Stepping ~*~*~tactically~*~*~ (stealth).
  5243 | D:8      | Reached skill level 1 in Invocations
  5322 | D:8      | Noticed Joseph
  5323 | D:8      | Noticed a two-headed ogre
  5324 | D:8      | 5324 ||| INVOKING Heroism.
  5334 | D:8      | Reached skill level 3 in Invocations
  5336 | D:8      | Killed a two-headed ogre
  5336 | D:8      | Reached ** piety under Okawaru
  5337 | D:8      | Reached XP level 10. HP: 41/63 MP: 0/13
  5343 | D:8      | Killed Joseph
  5344 | D:8      | Reached skill level 10 in Axes
  5351 | D:8      | 5351 ||| Stepping ~*~*~tactically~*~*~ (stealth).
  5353 | D:8      | 5353 ||| Stepping ~*~*~tactically~*~*~ (stealth).
  5354 | D:8      | 5354 ||| Stepping ~*~*~tactically~*~*~ (hiding).
  5355 | D:8      | 5355 ||| Stepping ~*~*~tactically~*~*~ (hiding).
  5356 | D:8      | 5356 ||| Stepping ~*~*~tactically~*~*~ (stealth).
  5377 | D:8      | 5377 ||| FLEEEEING.
  5387 | D:8      | 5387 ||| STAIRDANCE
  5470 | D:8      | 5470 ||| Stepping ~*~*~tactically~*~*~ (stealth).
  5482 | D:8      | Noticed Erica
  5483 | D:8      | 5483 ||| Stepping ~*~*~tactically~*~*~ (stealth).
  5484 | D:8      | 5484 ||| INVOKING Heroism.
  5494 | D:8      | Killed Erica
  5567 | D:8      | Found a sacrificial altar of Ru.
  5813 | D:8      | 5813 ||| Stepping ~*~*~tactically~*~*~ (stealth).
  5814 | D:8      | Noticed Prince Ribbit
  5815 | D:8      | 5815 ||| Stepping ~*~*~tactically~*~*~ (hiding).
  5823 | D:8      | 5823 ||| DRINKING 2 potions of curing.
  5823 | D:8      | 5823 ||| (to cure confusion)
  5833 | D:8      | Killed Prince Ribbit
  5834 | D:8      | Reached skill level 1 in Throwing
  6012 | D:8      | Noticed Grum
  6013 | D:8      | 6013 ||| INVOKING Heroism.
  6026 | D:8      | Killed Grum
  6026 | D:8      | Reached *** piety under Okawaru
  6570 | D:8      | 6570 ||| INVOKING Heroism.
  6690 | D:8      | 6690 ||| READING scroll labelled QAROSU POKKAHIX.
  6691 | D:8      | 6691 ||| READING 4 scrolls of identify.
  6691 | D:8      | 6691 ||| IDENTIFYING silvery potion
  6799 | D:9      | 6799 ||| INVOKING Heroism.
  6954 | D:9      | Noticed a deep elf pyromancer
  6954 | D:9      | Noticed a brown ugly thing
  6954 | D:9      | Noticed a boulder beetle
  6955 | D:9      | 6955 ||| INVOKING Heroism.
  6955 | D:9      | Noticed a death knight
  6959 | D:9      | Killed a deep elf pyromancer
  6967 | D:9      | Killed a brown ugly thing
  6978 | D:9      | 6978 ||| DRINKING potion of curing.
  6978 | D:9      | 6978 ||| (to cure confusion)
  6997 | D:9      | Killed a death knight
  6997 | D:9      | Reached **** piety under Okawaru
  6998 | D:9      | Reached skill level 11 in Axes
  6998 | D:9      | Reached XP level 11. HP: 30/68 MP: 0/14
  7002 | D:9      | HP: 10/68 [efreet/+2 scimitar of flaming (12)]
  7003 | D:9      | 7003 ||| READING scroll of teleportation.
  7003 | D:9      | HP: 3/68 [efreet/+2 scimitar of flaming (7)]
  7004 | D:9      | 7004 ||| DRINKING potion of heal wounds.
  7132 | D:9      | 7132 ||| INVOKING Heroism.
  7158 | D:9      | Received a gift from Okawaru
  7190 | D:9      | 7190 ||| Stepping ~*~*~tactically~*~*~ (hiding).
  7208 | D:9      | 7208 ||| Stepping ~*~*~tactically~*~*~ (stealth).
  7212 | D:9      | 7212 ||| FLEEEEING.
  7278 | D:9      | 7278 ||| INVOKING Heroism.
  7330 | D:9      | 7330 ||| INVOKING Heroism.
  7341 | D:9      | Killed a boulder beetle
  7342 | D:9      | Reached skill level 9 in Fighting
  7373 | D:9      | Noticed Pikel
  7374 | D:9      | 7374 ||| Stepping ~*~*~tactically~*~*~ (stealth).
  7384 | D:9      | Killed Pikel
  7388 | D:9      | 7388 ||| Stepping ~*~*~tactically~*~*~ (stealth).
  7490 | D:9      | 7490 ||| INVOKING Heroism.
  7653 | D:9      | 7653 ||| INVOKING Heroism.
  7656 | D:9      | Reached skill level 3 in Throwing
  7669 | D:9      | 7669 ||| SWAPPING to +0 broad axe.
  7670 | D:9      | 7670 ||| DROPPING +0 war axe of protection.
  7694 | D:9      | 7694 ||| Stepping ~*~*~tactically~*~*~ (hiding).
  7697 | D:9      | 7697 ||| Stepping ~*~*~tactically~*~*~ (hiding).
  7701 | D:9      | Identified the +8 flail "qw's Peril" {drain, rElec SInv
                  | Stlth-}
  7838 | D:9      | 7838 ||| INVOKING Heroism.
  7886 | D:9      | 7886 ||| SWAPPING to +2 broad axe of freezing.
  7887 | D:9      | 7887 ||| DROPPING +0 broad axe.
  7892 | D:9      | 7892 ||| Stepping ~*~*~tactically~*~*~ (hiding).
  7896 | D:9      | 7896 ||| INVOKING Heroism.
  7899 | D:9      | 7899 ||| Stepping ~*~*~tactically~*~*~ (hiding).
  7901 | D:9      | 7901 ||| Stepping ~*~*~tactically~*~*~ (stealth).
  7902 | D:9      | 7902 ||| Stepping ~*~*~tactically~*~*~ (stealth).
  7903 | D:9      | 7903 ||| Stepping ~*~*~tactically~*~*~ (stealth).
  7904 | D:9      | 7904 ||| Stepping ~*~*~tactically~*~*~ (stealth).
  7943 | D:9      | Noticed a centaur warrior
  7944 | D:9      | 7944 ||| Stepping ~*~*~tactically~*~*~ (hiding).
  7954 | D:9      | Killed a centaur warrior
  7955 | D:9      | Reached skill level 12 in Axes
  7955 | D:9      | Reached skill level 6 in Invocations
  7981 | D:9      | Noticed a two-headed ogre
  7982 | D:9      | 7982 ||| INVOKING Heroism.
  7986 | D:9      | Killed a two-headed ogre
  8100 | D:9      | Noticed Psyche
  8107 | D:9      | 8107 ||| INVOKING Heroism.
  8113 | D:9      | Killed Psyche
  8114 | D:9      | Reached XP level 12. HP: 76/76 MP: 14/17
  8185 | D:9      | 8185 ||| Stepping ~*~*~tactically~*~*~ (stealth).
  8232 | D:9      | 8232 ||| Stepping ~*~*~tactically~*~*~ (stealth).
  8319 | D:9      | Found a staircase to the Orcish Mines.
  8326 | D:9      | Reached ***** piety under Okawaru
  8330 | D:9      | 8330 ||| INVOKING Heroism.
  8596 | D:9      | 8596 ||| INVOKING Heroism.
  8599 | D:9      | Reached skill level 9 in Armour
  8820 | D:9      | 8820 ||| UPGRADING to +3 plate armour of fire resistance.
  8830 | D:9      | 8830 ||| DROPPING +0 plate armour.
  8831 | D:9      | 8831 ||| UPGRADING to +0 kite shield.
  8841 | D:9      | 8841 ||| DROPPING +0 buckler.
  8842 | D:9      | 8842 ||| DROPPING +2 pair of gloves.
  8843 | D:9      | 8843 ||| READING 3 scrolls labelled BOWACU YHITEK.
  8844 | D:9      | 8844 ||| READING 2 scrolls of enchant weapon.
  8844 | D:9      | 8844 ||| ENCHANTING +3 broad axe of freezing.
  8845 | D:9      | 8845 ||| READING scroll of enchant weapon.
  8845 | D:9      | 8845 ||| ENCHANTING +4 broad axe of freezing.
  8846 | D:9      | 8846 ||| READING 5 scrolls of identify.
  8846 | D:9      | 8846 ||| IDENTIFYING red potion
  8859 | D:10     | Entered Level 10 of the Dungeon
  8902 | D:10     | 8902 ||| FLEEEEING.
  8903 | D:10     | 8903 ||| FLEEEEING.
  8906 | D:10     | 8906 ||| FLEEEEING.
  8907 | D:10     | 8907 ||| FLEEEEING.
  8908 | D:10     | 8908 ||| FLEEEEING.
  8909 | D:10     | 8909 ||| FLEEEEING.
  8910 | D:10     | 8910 ||| FLEEEEING.
  8911 | D:10     | 8911 ||| FLEEEEING.
  8912 | D:10     | 8912 ||| FLEEEEING.
  8913 | D:10     | 8913 ||| FLEEEEING.
  8914 | D:10     | 8914 ||| FLEEEEING.
  8915 | D:10     | 8915 ||| FLEEEEING.
  8916 | D:10     | 8916 ||| FLEEEEING.
  8917 | D:10     | 8917 ||| FLEEEEING.
  8927 | D:10     | 8927 ||| STAIRDANCE
  9023 | D:10     | Noticed Gastronok
  9024 | D:10     | 9024 ||| Stepping ~*~*~tactically~*~*~ (hiding).
  9031 | D:10     | 9031 ||| INVOKING Heroism.
  9038 | D:10     | Killed Gastronok
  9039 | D:10     | Reached skill level 6 in Shields
  9111 | D:10     | 9111 ||| INVOKING Heroism.
  9235 | D:10     | 9235 ||| Stepping ~*~*~tactically~*~*~ (hiding).
  9238 | D:10     | 9238 ||| Stepping ~*~*~tactically~*~*~ (hiding).
  9242 | D:10     | 9242 ||| INVOKING Heroism.
  9441 | D:10     | Reached skill level 9 in Invocations
  9684 | D:10     | 9684 ||| Stepping ~*~*~tactically~*~*~ (hiding).
  9687 | D:10     | 9687 ||| Stepping ~*~*~tactically~*~*~ (hiding).
  9753 | D:10     | Identified the +2 spear "Guqacon" {flame, *Noise rPois
                  | Int+3 Dex+3}
  9983 | D:10     | 9983 ||| UPGRADING to amulet of faith.
 10033 | D:11     | Found a runed translucent gate.
 10033 | D:11     | Found a runed translucent gate.
 10033 | D:11     | Found a runed translucent gate.
 10077 | D:11     | 10077 ||| Stepping ~*~*~tactically~*~*~ (stealth).
 10079 | D:11     | 10079 ||| Stepping ~*~*~tactically~*~*~ (stealth).
 10080 | D:11     | 10080 ||| Stepping ~*~*~tactically~*~*~ (stealth).
 10099 | D:11     | 10099 ||| Stepping ~*~*~tactically~*~*~ (stealth).
 10101 | D:11     | 10101 ||| Stepping ~*~*~tactically~*~*~ (stealth).
 10102 | D:11     | 10102 ||| Stepping ~*~*~tactically~*~*~ (hiding).
 10102 | D:11     | Found a staircase to the Lair.
 10102 | D:11     | Noticed a death yak
 10103 | D:11     | 10103 ||| INVOKING Heroism.
 10104 | D:11     | Noticed a death yak
 10104 | D:11     | Noticed a death yak
 10108 | D:11     | Received a gift from Okawaru
 10109 | D:11     | 10109 ||| Stepping ~*~*~tactically~*~*~ (hiding).
 10109 | D:11     | Noticed a boulder beetle
 10113 | D:11     | Killed a death yak
 10115 | D:11     | Killed a death yak
 10117 | D:11     | Killed a death yak
 10125 | D:11     | Killed a boulder beetle
 10404 | D:11     | Noticed a two-headed ogre
 10412 | D:11     | Killed a two-headed ogre
 10412 | D:11     | Received a gift from Okawaru
 10413 | D:11     | Reached skill level 9 in Shields
 10418 | D:11     | 10418 ||| INVOKING Heroism.
 10597 | D:11     | Reached XP level 13. HP: 67/80 MP: 17/20
 10606 | D:11     | 10606 ||| INVOKING Heroism.
 10719 | D:11     | 10719 ||| INVOKING Heroism.
 10846 | D:11     | 10846 ||| Stepping ~*~*~tactically~*~*~ (hiding).
 10853 | D:11     | 10853 ||| Stepping ~*~*~tactically~*~*~ (stealth).
 10854 | D:11     | 10854 ||| Stepping ~*~*~tactically~*~*~ (stealth).
 10855 | D:11     | 10855 ||| Stepping ~*~*~tactically~*~*~ (stealth).
 10857 | D:11     | 10857 ||| INVOKING Heroism.
 10858 | D:11     | 10858 ||| INVOKING Finesse.
 11023 | D:11     | 11023 ||| Stepping ~*~*~tactically~*~*~ (stealth).
 11039 | D:11     | Received a gift from Okawaru
 11056 | D:11     | Found a blossoming altar of Fedhas.
 11223 | D:11     | 11223 ||| INVOKING Heroism.
 11230 | D:11     | 11230 ||| Stepping ~*~*~tactically~*~*~ (hiding).
 11242 | D:11     | 11242 ||| INVOKING Heroism.
 11247 | D:11     | HP: 17/82 [meliai/divine providence (14)]
 11248 | D:11     | 11248 ||| READING scroll of teleportation.
 11417 | D:11     | 11417 ||| FLEEEEING.
 11418 | D:11     | 11418 ||| FLEEEEING.
 11419 | D:11     | 11419 ||| FLEEEEING.
 11420 | D:11     | 11420 ||| FLEEEEING.
 11421 | D:11     | 11421 ||| FLEEEEING.
 11424 | D:11     | 11424 ||| FLEEEEING.
 11425 | D:11     | 11425 ||| FLEEEEING.
 11426 | D:11     | 11426 ||| STAIRDANCE
 11463 | D:10     | 11463 ||| READING 4 scrolls of identify.
 11463 | D:10     | 11463 ||| IDENTIFYING bubbling cyan potion
 11495 | D:11     | 11495 ||| INVOKING Heroism.
 11585 | D:11     | 11585 ||| Stepping ~*~*~tactically~*~*~ (hiding).
 11586 | D:11     | 11586 ||| Stepping ~*~*~tactically~*~*~ (hiding).
 11589 | D:11     | 11589 ||| Stepping ~*~*~tactically~*~*~ (hiding).
 11603 | D:11     | Received a gift from Okawaru
 11605 | D:11     | 11605 ||| Stepping ~*~*~tactically~*~*~ (hiding).
 11606 | D:11     | 11606 ||| STAIRDANCE
 11710 | D:11     | 11710 ||| INVOKING Heroism.
 11891 | D:11     | a cane toad changed into an entropy weaver
 11891 | D:11     | Noticed an entropy weaver (glowing shapeshifter)
 11892 | D:11     | an entropy weaver changed into a tarantella
 11910 | D:11     | 11910 ||| PLANNING LAIR
 11941 | Lair:1   | Entered Level 1 of the Lair of Beasts
 11946 | Lair:1   | Identified the +1 helmet "Cekamem" {rC- Will+ Dex+4}
                  | (Okawaru gifted it to you on level 1 of the Lair of Beasts)
 11946 | Lair:1   | Received a gift from Okawaru
 12085 | Lair:1   | 12085 ||| Stepping ~*~*~tactically~*~*~ (stealth).
 12146 | Lair:1   | 12146 ||| Stepping ~*~*~tactically~*~*~ (stealth).
 12298 | Lair:1   | 12298 ||| INVOKING Heroism.
 12506 | Lair:1   | 12506 ||| INVOKING Heroism.
 12510 | Lair:1   | Reached skill level 13 in Axes
 12742 | Lair:1   | 12742 ||| Stepping ~*~*~tactically~*~*~ (stealth).
 12889 | Lair:1   | 12889 ||| INVOKING Heroism.
 12890 | Lair:1   | 12890 ||| INVOKING Finesse.
 12894 | Lair:1   | 12894 ||| SWAPPING to +8 flail "qw's Peril" {drain, rElec
                  | SInv Stlth-}.
 12901 | Lair:1   | 12901 ||| SWAPPING to +5 broad axe of freezing.
 13002 | Lair:1   | Identified the +1 buckler "Xaorgh" {rC+ Dex+3}
 13103 | Lair:1   | 13103 ||| INVOKING Heroism.
 13363 | Lair:1   | 13363 ||| UPGRADING to +1 helmet "Cekamem" {rC- Will+
                  | Dex+4}.
 13373 | Lair:1   | 13373 ||| DROPPING ring of flight.
 13430 | Lair:2   | Reached skill level 3 in Dodging
 13439 | Lair:2   | Gained mutation: Your large and strong wings let you fly.
                  | [Gargoyle growth]
 13439 | Lair:2   | Reached XP level 14. HP: 86/88 MP: 7/21
 13580 | Lair:2   | Received a gift from Okawaru
 13644 | Lair:2   | 13644 ||| Stepping ~*~*~tactically~*~*~ (stealth).
 13645 | Lair:2   | 13645 ||| Stepping ~*~*~tactically~*~*~ (stealth).
 13647 | Lair:2   | 13647 ||| INVOKING Heroism.
 13648 | Lair:2   | 13648 ||| INVOKING Finesse.
 13649 | Lair:2   | 13649 ||| SWAPPING to +8 flail "qw's Peril" {drain, rElec
                  | SInv Stlth-}.
 13653 | Lair:2   | 13653 ||| SWAPPING to +5 broad axe of freezing.
 13660 | Lair:2   | 13660 ||| Stepping ~*~*~tactically~*~*~ (stealth).
 13671 | Lair:2   | 13671 ||| Stepping ~*~*~tactically~*~*~ (stealth).
 13672 | Lair:2   | 13672 ||| Stepping ~*~*~tactically~*~*~ (stealth).
 13673 | Lair:2   | 13673 ||| Stepping ~*~*~tactically~*~*~ (stealth).
 13793 | Lair:2   | 13793 ||| Stepping ~*~*~tactically~*~*~ (stealth).
 13794 | Lair:2   | 13794 ||| Stepping ~*~*~tactically~*~*~ (stealth).
 13902 | Lair:2   | 13902 ||| Stepping ~*~*~tactically~*~*~ (hiding).
 13946 | Lair:2   | Reached skill level 14 in Axes
 14047 | Lair:2   | 14047 ||| INVOKING Heroism.
 14048 | Lair:2   | 14048 ||| SWAPPING to +8 flail "qw's Peril" {drain, rElec
                  | SInv Stlth-}.
 14057 | Lair:2   | 14057 ||| SWAPPING to +5 broad axe of freezing.
 14198 | Lair:2   | 14198 ||| Stepping ~*~*~tactically~*~*~ (stealth).
 14199 | Lair:2   | 14199 ||| Stepping ~*~*~tactically~*~*~ (stealth).
 14200 | Lair:2   | 14200 ||| Stepping ~*~*~tactically~*~*~ (stealth).
 14201 | Lair:2   | 14201 ||| Stepping ~*~*~tactically~*~*~ (stealth).
 14242 | Lair:2   | 14242 ||| Stepping ~*~*~tactically~*~*~ (hiding).
 14244 | Lair:2   | Found a staircase to the Snake Pit.
 14249 | Lair:2   | 14249 ||| Stepping ~*~*~tactically~*~*~ (hiding).
 14577 | Lair:3   | 14577 ||| INVOKING Heroism.
 14672 | Lair:3   | Identified the +6 whip of Fusuj {chaos, Str+2}
 14881 | Lair:3   | 14881 ||| INVOKING Heroism.
 14898 | Lair:3   | Received a gift from Okawaru
 14899 | Lair:3   | 14899 ||| INVOKING Finesse.
 14908 | Lair:3   | 14908 ||| SWAPPING to +8 flail "qw's Peril" {drain, rElec
                  | SInv Stlth-}.
 14910 | Lair:3   | 14910 ||| SWAPPING to +5 broad axe of freezing.
 15066 | Lair:3   | 15066 ||| Stepping ~*~*~tactically~*~*~ (stealth).
 15206 | Lair:3   | Found a transporter.
 15213 | Lair:3   | Noticed qw's ghost (journeyman GrFi)
 15222 | Lair:3   | Found a bloodstained altar of Trog.
 15235 | Lair:3   | 15235 ||| Stepping ~*~*~tactically~*~*~ (stealth).
 15604 | Lair:3   | Found a transporter.
 15725 | Lair:3   | Found a staircase to the Swamp.
 15945 | Lair:4   | 15945 ||| STAIRDANCE
 16055 | Lair:4   | Noticed Urug
 16056 | Lair:4   | 16056 ||| INVOKING Heroism.
 16061 | Lair:4   | Killed Urug
 16062 | Lair:4   | Reached skill level 12 in Shields
 16175 | Lair:4   | Noticed Snorg
 16176 | Lair:4   | 16176 ||| INVOKING Heroism.
 16191 | Lair:4   | Killed Snorg
 16404 | Lair:4   | 16404 ||| Stepping ~*~*~tactically~*~*~ (hiding).
 16516 | Lair:4   | 16516 ||| Stepping ~*~*~tactically~*~*~ (stealth).
 16554 | Lair:4   | 16554 ||| Stepping ~*~*~tactically~*~*~ (stealth).
 16563 | Lair:4   | 16563 ||| Stepping ~*~*~tactically~*~*~ (stealth).
 16759 | Lair:4   | Received a gift from Okawaru
 17039 | Lair:4   | 17039 ||| DROPPING +1 plate armour of poison resistance.
 17040 | Lair:4   | 17040 ||| READING 4 scrolls of identify.
 17040 | Lair:4   | 17040 ||| IDENTIFYING dark potion
 17041 | Lair:4   | 17041 ||| READING 3 scrolls of identify.
 17041 | Lair:4   | 17041 ||| IDENTIFYING coppery potion
 17042 | Lair:4   | 17042 ||| DROPPING potion of berserk rage.
 17070 | Lair:5   | Entered Level 5 of the Lair of Beasts
 17075 | Lair:5   | Reached skill level 6 in Throwing
 17090 | Lair:5   | 17090 ||| FLEEEEING.
 17091 | Lair:5   | 17091 ||| STAIRDANCE
 17271 | Lair:5   | 17271 ||| Stepping ~*~*~tactically~*~*~ (stealth).
 17272 | Lair:5   | 17272 ||| Stepping ~*~*~tactically~*~*~ (stealth).
 17273 | Lair:5   | 17273 ||| Stepping ~*~*~tactically~*~*~ (stealth).
 17547 | Lair:5   | 17547 ||| Stepping ~*~*~tactically~*~*~ (stealth).
 17618 | Lair:5   | 17618 ||| Stepping ~*~*~tactically~*~*~ (stealth).
 17630 | Lair:5   | Reached skill level 15 in Axes
 17777 | Lair:5   | 17777 ||| Stepping ~*~*~tactically~*~*~ (stealth).
 17778 | Lair:5   | 17778 ||| INVOKING Heroism.
 17779 | Lair:5   | 17779 ||| INVOKING Finesse.
 17784 | Lair:5   | Reached XP level 15. HP: 90/94 MP: 7/22
 17802 | Lair:5   | 17802 ||| Stepping ~*~*~tactically~*~*~ (stealth).
 17952 | Lair:5   | 17952 ||| INVOKING Heroism.
 17953 | Lair:5   | 17953 ||| INVOKING Finesse.
 17958 | Lair:5   | 17958 ||| Stepping ~*~*~tactically~*~*~ (hiding).
 18045 | Lair:5   | 18045 ||| READING scroll of enchant weapon.
 18045 | Lair:5   | 18045 ||| ENCHANTING +5 broad axe of freezing.
 18135 | Lair:5   | 18135 ||| Stepping ~*~*~tactically~*~*~ (stealth).
 18174 | Lair:5   | Reached skill level 12 in Fighting
 18176 | Lair:5   | Received a gift from Okawaru
 18438 | Lair:5   | 18438 ||| INVOKING Heroism.
 18439 | Lair:5   | 18439 ||| INVOKING Finesse.
 18441 | Lair:5   | 18441 ||| SWAPPING to +8 flail "qw's Peril" {drain, rElec
                  | SInv Stlth-}.
 18447 | Lair:5   | 18447 ||| SWAPPING to +6 broad axe of freezing.
 18774 | Lair:5   | Found a viscous altar of Jiyva.
 18774 | Lair:5   | Found a staircase to the Slime Pits.
 18794 | Lair:5   | 18794 ||| PLANNING D:1-11
 18794 | Lair:5   | 18794 ||| DROPPING ring of willpower.
 18795 | Lair:5   | 18795 ||| DROPPING ring of see invisible.
 18932 | D:11     | 18932 ||| PLANNING D
 19085 | D:12     | 19085 ||| INVOKING Heroism.
 19136 | D:12     | 19136 ||| Stepping ~*~*~tactically~*~*~ (stealth).
 19138 | D:12     | 19138 ||| Stepping ~*~*~tactically~*~*~ (hiding).
 19150 | D:12     | 19150 ||| DROPPING +0 flail.
 19156 | D:12     | 19156 ||| Stepping ~*~*~tactically~*~*~ (stealth).
 19158 | D:12     | 19158 ||| Stepping ~*~*~tactically~*~*~ (stealth).
 19173 | D:12     | 19173 ||| Stepping ~*~*~tactically~*~*~ (stealth).
 19233 | D:12     | 19233 ||| Stepping ~*~*~tactically~*~*~ (stealth).
 19263 | D:12     | Noticed Rupert
 19264 | D:12     | 19264 ||| INVOKING Heroism.
 19281 | D:12     | Killed Rupert
 19281 | D:12     | Received a gift from Okawaru
 19286 | D:12     | Noticed Frances
 19287 | D:12     | 19287 ||| FLEEEEING.
 19288 | D:12     | 19288 ||| FLEEEEING.
 19371 | D:12     | 19371 ||| Stepping ~*~*~tactically~*~*~ (stealth).
 19372 | D:12     | 19372 ||| Stepping ~*~*~tactically~*~*~ (stealth).
 19395 | D:12     | 19395 ||| Stepping ~*~*~tactically~*~*~ (stealth).
 19478 | D:12     | 19478 ||| Stepping ~*~*~tactically~*~*~ (hiding).
 19481 | D:12     | 19481 ||| Stepping ~*~*~tactically~*~*~ (hiding).
 19485 | D:12     | 19485 ||| INVOKING Heroism.
 19498 | D:12     | Killed Frances
 19527 | D:12     | 19527 ||| READING scroll of teleportation.
 19529 | D:12     | Slain by an enormous slime creature

Levels and vault maps discovered:
D:1:      dpeg_arrival_three_same_balls, layout_basic
D:2:      layout_basic, kennysheep_pointless_box, minmay_crystal_room,
          minmay_pentomino_o4, uniq_crazy_yiuf_cottage
D:3:      layout_loops_ring, grunt_decor_one_mirror, uniq_ijyb, uniq_robin
D:4:      layout_loops_ring, lightli_corner_chamber
D:5:      layout_basic, bloody_trog, uniq_grinder
D:6:      layout_rooms, minmay_temple_entry_overgrown
D:7:      layout_rooms, serial_shops, shop, hellmonk_no_cap
D:8:      layout_basic, minmay_ruined_shrine, uniq_joseph, uniq_prince_ribbit1,
          uniq_erica, uniq_grum
D:9:      minmay_the_grid_plus [minmay_the_grid_plusring,
          minmay_the_grid_small_cups, minmay_the_grid_medium_cups,
          minmay_the_grid_minigrid_small, minmay_the_grid_prize_big_room],
          layout_rooms, kennysheep_orc_monster_closet_entryway, uniq_psyche,
          uniq_pikel
D:10:     layout_loops_corners, uniq_gastronok
D:11:     nzn_winding_woodlands_stair_cross
          [nzn_winding_woodlands_5x15_sidewinder,
          nzn_winding_woodlands_center_lodge, nzn_winding_woodlands_5x15_garden,
          nzn_winding_woodlands_5x5_perimeter, nzn_winding_woodlands_5x5_cross,
          nzn_winding_woodlands_5x15_concentric,
          nzn_winding_woodlands_center_pierced_h,
          nzn_winding_woodlands_5x15_pool], layout_irregular_city,
          dpeg_lair_monsters, ploomutoo_gammafunk_ghost_potion_laboratory,
          fedhas_altar_2
D:12:     layout_cave_pools, uniq_rupert, uniq_frances
Temple:   mainiacjoe_temple_hex_bubbles
Lair:1:   lemuel_reptile_caves, layout_gridlike, beast_lair_carwin_9
Lair:2:   layout_gridlike, nicolae_snake_entry_squirm
Lair:3:   layout_layer_cave, nicolae_swamp_entry_splash_gauntlet,
          gammafunk_ghost_wrathful_warriors, nicolae_quartered_pool_super
Lair:4:   layout_roguey, serial_bayou_shore_a, grunt_megastairs_4,
          infiniplex_staircase_pool, uniq_snorg, uniq_urug
Lair:5:   grunt_lair_end_beastmaster, layout_small_grid,
          dpeg_slime_entry_enclosed, st_stairs_7, minivault_11

Skill      XL: |  1  2  3  4  5  6  7  8  9 10 11 12 13 14 15 |
---------------+----------------------------------------------+-----
Axes           | 2 3 4 5 6 7 8 9 11 12 13 15 | 15.6
Fighting       | 4 5 6 7 8 9 10 11 12 | 12.0
Dodging        | 1 2 3 4 |  4.0
Armour         | 5 6 7 8 9 10 11 | 11.1
Shields        | 4 5 9 11 12 | 12.0
Invocations    | 4 7 10 | 10.0
Throwing       | 1 3 5 6 |  6.0

Action                     |  1- 3 |  4- 6 |  7- 9 | 10-12 | 13-15 || total
---------------------------+-------+-------+-------+-------+-------++-------
  Melee: War axe           |   132 |   144 |   169 |   232 |       ||   677
         Broad axe         |       |       |       |   187 |   610 ||   797
         Flail             |       |       |       |       |    20 ||    20
  Throw: Boomerang         |       |       |       |    43 |    59 ||   102
         Javelin           |       |       |       |    18 |   133 ||   151
 Invoke: Heroism           |       |       |     3 |    21 |    23 ||    47
         Finesse           |       |       |       |       |     7 ||     7
    Use: Scroll            |     5 |     9 |     1 |     7 |     6 ||    28
         Potion            |     2 |     2 |       |     3 |       ||     7
 Armour: Scale mail        |    64 |       |       |       |       ||    64
         Chain mail        |    38 |    84 |    42 |       |       ||   164
         Plate armour      |       |       |   144 |   239 |   334 ||   717
         Skin              |       |       |     3 |       |       ||     3
  Dodge: Dodged            |    57 |    45 |    64 |   141 |   168 ||   475
  Block: Buckler           |    35 |    23 |    36 |    67 |       ||   161
         Kite shield       |       |       |       |    31 |   288 ||   319

Table legend:
 A = Non-vault XP
 B = Vault XP
 C = Vault XP percentage of total XP
 D = Non-vault monster count
 E = Vault monster count
 F = Vault count percentage of total count
                 A         B        C        D         E       F
            +---------+---------+-------+---------+---------+-------
      Total |   55988 |   52103 |  48.2 |     391 |     209 |  34.8
            +---------+---------+-------+---------+---------+-------
        D:1 |      49 |       0 |   0.0 |      23 |       0 |   0.0
        D:2 |      57 |      20 |  26.0 |      20 |       4 |  16.7
        D:3 |      69 |      72 |  51.1 |      16 |      13 |  44.8
        D:4 |     240 |       0 |   0.0 |      20 |       0 |   0.0
        D:5 |     253 |     254 |  50.1 |      15 |       1 |   6.2
        D:6 |    1102 |       0 |   0.0 |      14 |       0 |   0.0
        D:7 |     818 |     220 |  21.2 |      26 |       4 |  13.3
        D:8 |     960 |    3435 |  78.2 |      20 |      14 |  41.2
        D:9 |    3755 |   10594 |  73.8 |      42 |      52 |  55.3
       D:10 |    1548 |    1435 |  48.1 |      12 |       1 |   7.7
       D:11 |    3083 |   14477 |  82.4 |      17 |      48 |  73.8
       D:12 |    6117 |    3406 |  35.8 |      21 |       2 |   8.7
     Lair:1 |    6748 |    3716 |  35.5 |      26 |      32 |  55.2
     Lair:2 |    8256 |     476 |   5.5 |      32 |       3 |   8.6
     Lair:3 |    3970 |    2218 |  35.8 |      21 |       5 |  19.2
     Lair:4 |    5504 |    2894 |  34.5 |      23 |       8 |  25.8
     Lair:5 |   13459 |    8886 |  39.8 |      43 |      22 |  33.8
            +---------+---------+-------+---------+---------+-------
